 Dungeon Crawl Stone Soup version 0.18-a0-844-g9229740 (webtiles) character file.

1115 JokEr the Insei (level 8, -1/56 HPs)
             Began as an Octopode Transmuter on Dec 18, 2015.
             Was an Elder of Cheibriados.
             Slain by JokEr's ghost (8 damage)
             ... on level 5 of the Dungeon on Dec 19, 2015.
             The game lasted 00:15:39 (6310 turns).

JokEr the Insei (Octopode Transmuter)               Turns: 6310, Time: 00:15:40

Health: -1/56      AC:  1    Str: 18    XL:     8   Next: 34%
Magic:  5/11       EV: 13    Int: 26    God:    Cheibriados [****..]
Gold:   244        SH:  0    Dex: 22    Spells: 2 memorised, 6 levels left

rFire  . . .     SeeInvis .       - Unarmed
rCold  . . .     Gourm    .     (no shield)
rNeg   . . .     Faith    .     (helmet restricted)
rPois  .         Spirit   .     (no amulet)
rElec  .         Dismiss  .     (no ring)
rCorr  .         Reflect  .     (no ring)
SustAt .         Harm     .     (no ring)
MR     .....                    (no ring)
Stlth  +++.......               (no ring)
                                (no ring)
                                (no ring)
                                (no ring)

@: very slightly contaminated, very slow, not resistant to hostile enchantments,
fairly stealthy
A: almost no armour, amphibious, 8 rings, constrict 8, camouflage 1, gelatinous
body 1
a: Bend Time, Temporal Distortion, Slouch, Renounce Religion


You were on level 5 of the Dungeon.
You worshipped Cheibriados.
Cheibriados was greatly pleased with you.
You were not hungry.

You visited 1 branch of the dungeon, and saw 5 of its levels.

You collected 244 gold pieces.

Inventory:

Missiles
 a - 118 arrows
 g - 14 arrows of flame
Armour
 n - a +3 large shield of reflection
Scrolls
 d - 3 scrolls of identify
 e - a scroll of amnesia
Potions
 f - a potion of brilliance {unknown}
 i - 3 potions of mutation {unknown}
 m - a potion of heal wounds {unknown}
 o - a potion of might {unknown}
 q - a potion of lignification {unknown}
Books
 b - a book of Changes

   Spells                             Type                      Level
   a - Beastly Appendage              Transmutation                1
   b - Sticks to Snakes               Transmutation                2
   c - Spider Form                    Transmutation/Poison         3
   d - Ice Form                       Ice/Transmutation            4
   e - Blade Hands                    Transmutation                5
Comestibles
 c - 2 bread rations
 j - a beef jerky


   Skills:
 + Level 5.4 Fighting
 - Level 2.0 Dodging
 + Level 6.2 Unarmed Combat
 - Level 2.0 Spellcasting
 - Level 3.1 Transmutations
 + Level 4.8 Ice Magic


You had 6 spell levels left.
You knew the following spells:

 Your Spells              Type           Power        Failure   Level  Hunger
a - Beastly Appendage     Trmt           ###...       2%          1    None
b - Ice Form              Ice/Trmt       ###.....     24%         4    ####...


Dungeon Overview and Level Annotations

Branches:
Dungeon (5/15)             Temple (0/1) D:5

Altars:
Cheibriados

Annotations:
D:5 JokEr's ghost, novice OpTm


Innate Abilities, Weirdness & Mutations

You cannot wear most types of armour.
You are amphibious.
You can wear up to eight rings at the same time.
You can use your tentacles to constrict eight enemies at once.
Your skin changes colour to match your surroundings (Stealth).
Your rubbery body absorbs attacks (AC +1).


Message History

You barely miss JokEr's ghost. JokEr's ghost hits you.
Casting: Ice Form
Confirm with . or Enter, or press ? or * to list all spells.
You don't have enough magic to cast that spell.
Read which item? (? for menu, Esc to quit)
Okay, then.
Drink which item? (? for menu, Esc to quit)
You feel better. JokEr's ghost misses you. JokEr's ghost hits you.
JokEr's ghost misses you.
JokEr's ghost says, "What's the hurry?
You'll die anyway."
JokEr's ghost hits you! JokEr's ghost hits you! JokEr's ghost misses you.
JokEr's ghost hits you. JokEr's ghost hits you!
* * * LOW HITPOINT WARNING * * *
JokEr's ghost hits you!
* * * LOW HITPOINT WARNING * * *
Drink which item? (? for menu, Esc to quit)
You feel better. JokEr's ghost hits you!
You die...

#.###≈###....#
#...........# #≈§§
#........# #≈§≈
#........####§≈§
#........##...≈≈ #.
##...####......≈ #.#
####### #..#.###..##....
#.#
.......##........#######
#.# #.@W..#.######.....
#.# ##....#.# #.#### #.#
#####......# #
###.######...)..##..#
#.)........####.##.....
#)..#<########
#.##....... #. #.#
#.##..####. #.# #.. ..#
#.# ..# #.#


You could see JokEr's ghost.

Vanquished Creatures
  Grinder (D:4)
  3 ogres (D:4)
  A big kobold (D:3)
  A scorpion (D:4)
  A giant frog zombie (D:5)
  A centaur zombie (D:5)
  2 orc wizards
  A giant frog skeleton (D:4)
  An orc priest (D:3)
  5 hounds (D:4)
  A hound skeleton (D:4)
  3 gnolls
  10 adders
  2 adder skeletons (D:4)
  A worm (D:3)
  3 giant geckos
  16 orcs
  6 bats
  12 goblins
  4 hobgoblins
  6 jackals (D:4)
  9 kobolds
  A quokka (D:4)
  3 giant cockroaches
  3 giant newts
  4 rats
101 creatures vanquished.

Notes
Turn   | Place    | Note
--------------------------------------------------------------
     0 | D:1      | JokEr the Octopode Transmuter began the quest for the Orb.
     0 | D:1      | Reached XP level 1. HP: 13/13 MP: 3/3
   253 | D:1      | Found a snail-covered altar of Cheibriados.
   267 | D:1      | Reached XP level 2. HP: 18/18 MP: 5/5
   269 | D:1      | Became a worshipper of Cheibriados the Contemplative
  1024 | D:2      | Reached XP level 3. HP: 11/24 MP: 4/6
  1627 | D:2      | Reached * piety under Cheibriados
  1810 | D:2      | Reached XP level 4. HP: 29/29 MP: 5/7
  2305 | D:2      | Learned a level 4 spell: Ice Form
  2932 | D:3      | Reached ** piety under Cheibriados
  2932 | D:3      | Reached skill level 4 in Unarmed Combat
  2932 | D:3      | Reached skill level 1 in Ice Magic
  2932 | D:3      | Reached XP level 5. HP: 31/35 MP: 8/8
  3088 | D:3      | You fall through a shaft for 2 floors!
  3088 | D:5      | Entered Level 5 of the Dungeon
  3090 | D:5      | Found a staircase to the Ecumenical Temple.
  3097 | D:5      | Noticed JokEr's ghost (novice OpTm)
  3741 | D:4      | Noticed an ogre
  3989 | D:4      | Killed an ogre
  3989 | D:4      | Reached XP level 6. HP: 10/42 MP: 7/9
  5154 | D:4      | Noticed Grinder
  5157 | D:4      | Paralysed by Grinder for 5 turns
  5170 | D:4      | Killed Grinder
  5170 | D:4      | Reached skill level 5 in Unarmed Combat
  5170 | D:4      | Reached XP level 7. HP: 25/49 MP: 10/10
  5350 | D:4      | Reached *** piety under Cheibriados
  5892 | D:4      | Reached skill level 5 in Fighting
  5892 | D:4      | Reached XP level 8. HP: 53/55 MP: 9/11
  5974 | D:4      | Reached skill level 6 in Unarmed Combat
  6255 | D:5      | Reached **** piety under Cheibriados
  6309 | D:5      | HP: 1/56 [JokEr's ghost (8)]
  6310 | D:5      | Slain by JokEr's ghost

Vault maps used:
D:1:      saegor_arrival_miasma, cheibriados_altar_1
D:2:      kennysheep_small_spiral
D:3:      first_bread
D:4:      uniq_grinder
D:5:      minmay_temple_entry_mist, grunt_decor_cap

Action                   |  1- 3 |  4- 6 |  7- 9 || total
-------------------------+-------+-------+-------++-------
Melee: Unarmed           |    63 |   114 |    72 ||   249
 Cast: Beastly Appendage |    18 |    35 |    13 ||    66
       Ice Form          |       |       |     3 ||     3
  Use: Scroll            |     2 |     2 |     5 ||     9
       Potion            |       |     2 |     2 ||     4
 Stab: Sleeping          |     4 |     4 |       ||     8
  Eat: Chunk             |     3 |     4 |       ||     7
       Bread ration      |       |     1 |       ||     1
